 Dungeon Crawl Stone Soup version 0.29.1-2-gbd0b4ee654 (webtiles) character file.

Game seed: 8470399601793330229

2088 Goreval the Ruffian (level 9, -14/79 HPs)
             Began as a Naga Transmuter on Nov 21, 2022.
             Killed from afar by Erica (21 damage)
             ... with a lance of force
             ... on level 8 of the Dungeon.
             The game lasted 00:35:16 (9861 turns).

Goreval the Ruffian (Naga Transmuter)               Turns: 9861, Time: 00:35:16

Health: -14/79     AC:  2    Str: 19    XL:     9   Next: 27%
Magic:  12/15      EV: 23    Int: 17    God:
Gold:   286        SH:  0    Dex: 17    Spells: 2/16 levels left

rFire   . . .      SeeInvis +     - Unarmed
rCold   . . .      Faith    .   (shield currently unavailable)
rNeg    . . .      Spirit   .   (body armour currently unavailable)
rPois   x          Reflect  .   (helmet currently unavailable)
rElec   .          Harm     .   (cloak currently unavailable)
rCorr   .          Rampage  .   (gloves currently unavailable)
Will    +....                   (no barding)
Stlth   ++........              (no amulet)
HPRegen 0.23/turn               s - +6 ring of strength
MPRegen 0.14/turn               H - +4 ring of evasion

@: lethally poisoned (-14 -> -22), spider-form, hasted, very quick
A: venomous fangs, AC +3, tiny, see invisible, (deformed body), (poison
resistance), (slowness 2), spit poison 1, (naga tail 1)
a: Spit Poison, End Transformation


You were on level 8 of the Dungeon.
You were a venomous arachnid creature.
You visited 2 branches of the dungeon, and saw 9 of its levels.

You collected 466 gold pieces.
You spent 180 gold pieces at shops.

Inventory:

Hand Weapons
 t - the +11 flail "Jagonim" (melded) {freeze, rElec rN++ Will+}
   (You found it on level 6 of the Dungeon)

   It freezes those it strikes, dealing additional cold damage.
   It can also slow down cold-blooded creatures.
   rElec:     It insulates you from electricity.
   rN:        It greatly protects you from negative energy.
   Will:      It increases your willpower.
Missiles
 f - 24 stones
Armour
 a - a +0 robe (melded)
 p - a +0 pair of gloves (melded)
 x - a +0 cloak (melded)
 z - an orb of guile
 A - a +0 helmet (melded)
Jewellery
 h - a ring of ice
 i - a ring of flight
 s - a +6 ring of strength (left front leg)
 B - a ring of magical power
 H - a +4 ring of evasion (right front leg)
 L - a ring of ice
Wands
 y - a wand of polymorph (14)
 F - a wand of light (16)
 I - a wand of flame (10)
Scrolls
 c - 2 scrolls of poison
 e - 3 scrolls of enchant armour {unknown}
 g - 2 scrolls of amnesia
 j - a scroll of magic mapping
 k - a scroll of noise {unknown}
 r - 3 scrolls of butterflies
 u - 2 scrolls of fear
 w - 2 scrolls of teleportation {unknown}
 C - a scroll of torment
 D - a scroll of brand weapon {unknown}
 G - a scroll of summoning {unknown}
Potions
 b - 2 potions of lignification
 d - 2 potions of brilliance
 l - a potion of attraction
 m - a potion of degeneration
 n - 3 potions of heal wounds
 o - 2 potions of might
 q - a potion of cancellation
 E - a potion of mutation
 J - a potion of curing {unknown}
 K - a potion of berserk rage {unknown}


   Skills:
 + Level 4.5 Fighting
 - Level 2.1 Dodging
 * Level 7.0 Unarmed Combat
 + Level 4.4 Spellcasting
 - Level 3.0 Translocations
 * Level 6.6 Transmutations
 - Level 3.0 Poison Magic


You had 2 spell levels left.
You knew the following spells:

 Your Spells              Type           Power      Damage    Failure   Level
a - Beastly Appendage     Tmut           52%        N/A       5%          1
b - Wereblood             Tmut           26%        N/A       7%          2
c - Spider Form           Tmut/Pois      20%        N/A       17%         3
d - Mephitic Cloud        Conj/Pois/Air  7%         N/A       52%         3
e - Teleport Other        Tloc           13%        N/A       30%         3
z - Call Imp              Summ           3%         N/A       43%         2

Your spell library contained the following spells:

 Spells                   Type           Power      Damage    Failure   Level
 Magic Dart               Conj           12%        1d3       34%         1
 Slow                     Hex            12%        N/A       34%         1
 Ignite Poison            Fire/Tmut/Pois 14%        N/A       28%         3
 Gell's Gravitas          Tloc           13%        N/A       30%         3
 Ice Form                 Ice/Tmut       15%        N/A       58%         4
 Confusing Touch          Hex            3%         N/A       63%         3
 Vampiric Draining        Necr           3%         2d6       63%         3
 Yara's Violent Unravell  Hex/Tmut       7%         3d5       87%         5
 Freezing Cloud           Conj/Ice/Air   1%         6-21      99%         5
 Dispersal                Tloc           6%         N/A       100%        6
 Enfeeble                 Hex            1%         N/A       100%        7


Dungeon Overview and Level Annotations

Branches:
Dungeon (8/15)             Temple (1/1) D:7
   Lair: D:8-11

Altars:
Ashenzari
Dithmenos
Fedhas
Gozag
Hepliaklqana
Kikubaaqudgha
Makhleb
Nemelex Xobeh
Qazlal
Sif Muna
Uskayaw
Vehumet
Xom
Zin
The Shining One

Shops:
D:2 !

Annotations:
D:8 Erica


Innate Abilities, Weirdness & Mutations

You are a venomous arachnid creature.
You have poisonous fangs.
You are tiny and dextrous.
Your spellcasting is less reliable in this form.
Your armour is entirely melded.
You are incapable of wielding weapons or throwing items.
((Your serpentine skin is tough. (AC +3)))
You have supernaturally acute eyesight. (SInv)
((Armour fits poorly on your strangely shaped body.))
((Your system is resistant to poisons. (rPois)))
((You cover ground very slowly.))
You can spit poison.
((You have a snake-like lower body.))


Message History

The centaur wields a +0 shortbow.
The centaur shoots an arrow.
The arrow barely misses you.
The centaur shoots an arrow.
The arrow barely misses you.
Erica screams, "Coming here was suicide!
For you!"
Okay, then.
Okay, then.
Okay, then.
Okay, then.
You turn into a venomous arachnid creature.
The +11 flail "Jagonim" {freeze, rElec rN++ Will+} melds into your body.
Your +0 cloak melds into your body.
Your +0 helmet melds into your body.
Your +0 pair of gloves melds into your body.
Your +0 robe melds into your body.
The +11 flail "Jagonim" {freeze, rElec rN++ Will+} stops glowing.
The centaur shoots an arrow.
The arrow closely misses you.
You feel yourself speed up.
The centaur shoots an arrow.
The arrow misses you.
The centaur shoots an arrow.
The arrow completely misses you. Erica casts a spell at you.
The bolt of poison hits you!!!
You are poisoned.
Ouch! That really hurt!
You feel very sick.
The centaur shoots an arrow.
The arrow hits you!
* * * LOW HITPOINT WARNING * * *
* * * LOW HITPOINT WARNING * * *
You feel very sick. Erica gestures at you while chanting.
The lance of force misses you.
* * * LOW HITPOINT WARNING * * *
You feel very sick.
* * * LOW HITPOINT WARNING * * *
You feel sick.
* * * LOW HITPOINT WARNING * * *
You feel sick.
Okay, then.
* * * LOW HITPOINT WARNING * * *
You feel sick.
Erica points at you and mumbles some strange words.
The lance of force hits you!!
You die...

.....#.......#.#.# ########.
.....^..._...^.#.#######........
##...#.......#.#....#....######.
##..#.......#.#......#### ##.#
....( #.#.....##
#.#########....##.###
#............#......#
##....###...##......# ######
######s.....# #......# #......#
#@.....# ###.#....# #...##.?$..#
#.O#####..># ##c# #.....
....................


You could see Erica (invisible), a two-headed ogre and a centaur.

Vanquished Creatures
  Eustachio (D:4)
  2 steam dragons (D:6)
  Duvessa (D:5)
  2 sky beasts (D:7)
  An orc warrior (D:6)
  A black bear (D:6)
  A kobold brigand (D:7)
  Blork the orc (D:4)
  3 bullfrogs
  A scorpion (D:7)
  Dowan (D:5)
  A howler monkey (D:7)
  5 jellies
  5 hounds
  Crazy Yiuf (D:3)
  Jessica (D:3)
  An iguana (D:6)
  2 orc wizards
  Natasha (thrice) (D:2)
  Robin (D:4)
  3 gnolls (D:3)
  5 adders
  2 white imps
  2 ufetubi
  2 worms (D:2)
  2 dart slugs (D:2)
  22 orcs
  4 ball pythons
  6 bats
  5 endoplasms
  4 giant cockroaches
  16 goblins
  9 hobgoblins
  3 jackals (D:4)
  9 kobolds
  7 quokkas
  3 frilled lizards
  2 rats
141 creatures vanquished.

Vanquished Creatures (others)
  A plant (D:1)
1 creature vanquished.

Grand Total: 142 creatures vanquished

Notes
Turn   | Place    | Note
-------+----------+-------------------------------------------
     0 | D:1      | Goreval the Naga Transmuter began the quest for the Orb.
     0 | D:1      | Reached XP level 1. HP: 18/18 MP: 3/3
   365 | D:1      | Reached XP level 2. HP: 23/25 MP: 3/5
   368 | D:1      | Learned a level 2 spell: Wereblood
   395 | D:1      | Found a faded altar of an unknown god.
  1114 | D:2      | Reached skill level 1 in Poison Magic
  1254 | D:2      | Reached XP level 3. HP: 31/31 MP: 6/6
  1259 | D:2      | Learned a level 3 spell: Spider Form
  1387 | D:2      | Found Udghoche's Distillery.
  1404 | D:2      | Bought a potion of degeneration for 10 gold pieces
  1404 | D:2      | Bought a potion of heal wounds for 50 gold pieces
  1404 | D:2      | Bought a potion of might for 40 gold pieces
  1511 | D:2      | Noticed Natasha
  2071 | D:2      | Killed Natasha
  2072 | D:2      | Reached XP level 4. HP: 26/38 MP: 3/7
  2273 | D:2      | Noticed Natasha
  2283 | D:2      | Killed Natasha
  2561 | D:2      | Noticed Natasha
  2567 | D:2      | Killed Natasha
  2568 | D:2      | Reached XP level 5. HP: 34/45 MP: 6/8
  2832 | D:2      | Found Udghoche's Distillery.
  2926 | D:3      | You fall into a shaft and drop 2 floors!
  2926 | D:5      | Entered Level 5 of the Dungeon
  3033 | D:4      | Noticed Blork the orc
  3043 | D:4      | Killed Blork the orc
  3044 | D:4      | Reached skill level 4 in Unarmed Combat
  3064 | D:5      | Noticed Duvessa
  3399 | D:4      | Reached XP level 6. HP: 16/52 MP: 1/9
  3666 | D:4      | Noticed Robin
  3960 | D:3      | Noticed Jessica
  4229 | D:3      | Found a shimmering blue altar of Sif Muna.
  4236 | D:3      | Found an ancient bone altar of Kikubaaqudgha.
  4236 | D:3      | Found a radiant altar of Vehumet.
  4385 | D:3      | Found a runed translucent door.
  4386 | D:3      | Noticed Crazy Yiuf
  4565 | D:3      | Killed Crazy Yiuf
  4749 | D:3      | Killed Jessica
  4881 | D:4      | Noticed Eustachio
  4986 | D:3      | Reached XP level 7. HP: 20/61 MP: 3/11
  5329 | D:4      | Killed Robin
  6116 | D:5      | Noticed Dowan
  6131 | D:5      | Killed Duvessa
  6132 | D:5      | Reached skill level 5 in Unarmed Combat
  6175 | D:5      | Killed Dowan
  6719 | D:2      | Bought a potion of cancellation for 80 gold pieces
  6842 | D:6      | Found a glowing golden altar of the Shining One.
  6854 | D:6      | Found a glowing silver altar of Zin.
  7083 | D:6      | Reached skill level 5 in Transmutations
  7083 | D:6      | Reached XP level 8. HP: 66/69 MP: 7/13
  7324 | D:6      | Reached skill level 6 in Unarmed Combat
  7499 | D:6      | Learned a level 3 spell: Mephitic Cloud
  7502 | D:6      | Learned a level 2 spell: Call Imp
  7506 | D:6      | Learned a level 3 spell: Teleport Other
  7520 | D:6      | Identified the +11 flail "Jagonim" {freeze, rElec rN++
                  | Will+}
  7740 | D:6      | Reached skill level 1 in Translocations
  8057 | D:4      | Killed Eustachio
  8311 | D:7      | Noticed a +0 dagger
  8312 | D:7      | Noticed a +0 dagger
  8313 | D:7      | Found a hide-covered altar of Uskayaw.
  8411 | D:7      | Reached XP level 9. HP: 49/78 MP: 15/15
  8635 | D:7      | Found a sparkling altar of Nemelex Xobeh.
  8938 | D:7      | Found a staircase to the Ecumenical Temple.
  8962 | Temple   | Entered the Ecumenical Temple
  9292 | D:7      | Reached skill level 7 in Unarmed Combat
  9557 | D:7      | Found a blossoming altar of Fedhas.
  9751 | D:8      | Found a hazy altar of Hepliaklqana.
  9845 | D:8      | Noticed Erica
  9852 | D:8      | Noticed a two-headed ogre
  9861 | D:8      | Killed from afar by Erica

Illustrated notes

Levels and vault maps discovered:
D:1:      heliophobic_arrival_ceremonial_halls, layout_loops_cross,
          shapermc_ecumenical_altar_gd, minmay_misc_feat_five,
          serial_bayou_pond_b
D:2:      layout_basic, serial_shops, nicolae_diamond_shop, dk_noncrumbling_3,
          minmay_crystal_water, uniq_natasha
D:3:      layout_basic, grunt_temple_overflow_magic_moments, nrook_campfire,
          uniq_jessica, uniq_crazy_yiuf_cottage
D:4:      layout_cave_pools, skrybe_limestone_x, uniq_eustachio, uniq_robin,
          uniq_blork_the_orc
D:5:      layout_loops_cross, moated_statue, minivault_26,
          chequers_decorated_corner, uniq_duvessa
D:6:      cheibrodos_steamvent, layout_basic,
          mainiacjoe_overflow_large_starburst
D:7:      layout_basic, dancing_weapons_uskayaw, fedhas_altar_4,
          nemelex_spade_bored_becter, temple_statues
D:8:      layout_rooms, lemuel_tele_altar, yredelemnul_forgotten_temple_becter,
          old_standard_altar, ebering_ghost_gozag, uniq_prince_ribbit1,
          uniq_erica
Temple:   hellmonk_temple_beads

Skill      XL: |  1  2  3  4  5  6  7  8  9 |
---------------+----------------------------+-----
Poison Magic   | 1 2 3 |  3.0
Dodging        | 2 |  2.1
Transmutations | 3 4 5 6 |  6.6
Unarmed Combat | 4 5 6 7 |  7.0
Fighting       | 2 3 4 |  4.5
Spellcasting   | 3 4 |  4.4
Translocations | 2 3 |  3.0

Action                   |  1- 3 |  4- 6 |  7- 9 || total
-------------------------+-------+-------+-------++-------
Melee: Unarmed           |    42 |   100 |   160 ||   302
       Headbutt          |     4 |     5 |     3 ||    12
       Punch             |     1 |       |       ||     1
       Flail             |       |       |    24 ||    24
Throw: Stone             |       |       |     1 ||     1
 Cast: Beastly Appendage |    15 |     8 |     4 ||    27
       Spider Form       |     1 |    18 |    23 ||    42
       Wereblood         |       |       |     9 ||     9
 Abil: Spit Poison       |    36 |    17 |    22 ||    75
  Use: Scroll            |       |       |    10 ||    10
       Potion            |       |       |     1 ||     1
 Stab: Sleeping          |       |     1 |       ||     1
Armor: Robe              |    15 |    14 |    10 ||    39
       Skin              |       |     4 |     7 ||    11
Dodge: Dodged            |    29 |    86 |   189 ||   304
